 Dungeon Crawl Stone Soup version 0.18-a0-19-g8b99b3a (webtiles) character file.

1395 Raultor the Blocker (level 8, -5/46 HPs)
             Began as a Gargoyle Fighter on Nov 1, 2015.
             Was an Initiate of Okawaru.
             Slain by an orc warrior
             ... wielding a +0 trident
              (11 damage)
             ... on level 6 of the Dungeon.
             The game lasted 00:10:44 (4145 turns).

Raultor the Blocker (Gargoyle Fighter)              Turns: 4145, Time: 00:10:44

Health: -5/46      AC: 22    Str: 22    XL:     8   Next: 68%
Magic:  8/8        EV:  8    Int:  8    God:    Okawaru [......]
Gold:   371        SH: 11    Dex: 10    Spells: 0 memorised, 7 levels left

rFire  . . .     SeeInvis .     I - +3 mace (protect)
rCold  . . .     Clarity  .     b - +0 scale mail
rNeg   + . .     SustAt   .     c - +0 shield
rPois  ∞         Gourm    .     J - +1 helmet
rElec  +         Spirit   .     x - +1 cloak {+Inv}
rCorr  .         Warding  .     r - +0 pair of gloves
rMut   .         Stasis   .     (no boots)
MR     .....                    (no amulet)
Stlth  ..........               (no ring)
                                (no ring)

@: not resistant to hostile enchantments, extremely unstealthy
A: negative energy resistance 1, electricity resistance, unbreathing,
petrification resistance, rot immunity, AC +5
a: Renounce Religion, Evoke Invisibility


You were on level 6 of the Dungeon.
You worshipped Okawaru.
Okawaru was noncommittal.
You were not hungry.

You visited 2 branches of the dungeon, and saw 7 of its levels.

You collected 371 gold pieces.

Inventory:

Hand Weapons
 a - a +0 flail
 I - a +3 mace of protection (weapon)
Missiles
 D - 5 tomahawks (quivered)
Armour
 b - a +0 scale mail (worn)
 c - a +0 shield (worn)
 r - a +0 pair of gloves (worn)
 x - a +1 cloak of invisibility (worn)
 J - a +1 helmet (worn)
Jewellery
 K - an uncursed ring of protection from cold {unknown}
Wands
 E - a wand of confusion (25)
 L - a wand of paralysis (11)
Scrolls
 f - 2 scrolls of immolation {unknown}
 i - 2 scrolls of magic mapping {unknown}
 j - 2 scrolls of recharging {unknown}
 l - 2 scrolls of amnesia {unknown}
 n - 5 scrolls of identify {unknown}
 o - 4 scrolls of remove curse {unknown}
 u - a scroll of fear {unknown}
 y - 2 scrolls of enchant armour {unknown}
 A - a scroll of random uselessness {unknown}
 C - a scroll of noise {unknown}
 F - a scroll of enchant weapon {unknown}
 G - a scroll of fog {unknown}
Potions
 d - a potion of might
 g - a potion of agility {unknown}
 h - a potion of brilliance {unknown}
 k - 6 potions of curing {unknown}
 q - 2 potions of heal wounds {unknown}
 t - 2 potions of degeneration {unknown}
 v - a potion of ambrosia {unknown}
 w - a potion of flight {unknown}
 z - a potion of invisibility {unknown}
 B - 2 potions of haste {unknown}
Comestibles
 e - 7 bread rations
 m - a beef jerky
 p - a chunk of flesh
 s - 2 meat rations
 H - 3 fruits


   Skills:
 - Level 3.2 Fighting
 * Level 7.1 Maces & Flails
 - Level 3.2 Armour
 + Level 9.2 Shields


You had 7 spell levels left.
You didn't know any spells.

Dungeon Overview and Level Annotations

Branches:
Dungeon (6/15)             Temple (1/1) D:6

Altars:
Ashenzari
Cheibriados
Dithmenos
Elyvilon
Fedhas
Gozag
Kikubaaqudgha
Makhleb
Nemelex Xobeh
Okawaru
Qazlal
Ru
Sif Muna
Trog
Vehumet
Xom
Yredelemnul
Zin


Innate Abilities, Weirdness & Mutations

You are resistant to torment.
Your stone body is resilient (AC +5).
You are immune to poison.
You resist negative energy.
You are resistant to electric shocks.
You can survive without breathing.
You are immune to petrification.
You are immune to rotting.


Message History

The orc warrior hits you but does no damage.
The orc priest barely misses you.
You closely miss the orc warrior.
The orc warrior is heavily wounded.
The orc warrior hits you with a trident!
* * * LOW HITPOINT WARNING * * *
You sock the orc warrior!
The orc warrior is severely wounded.
The orc warrior hits you with a trident.
* * * LOW HITPOINT WARNING * * *
You hit the orc warrior but do no damage.
The orc warrior is severely wounded.
You block the orc warrior's attack.
The orc wizard casts a spell.
The orc wizard blinks!
You block the orc priest's attack.
You hit the orc warrior.
The orc warrior is almost dead.
You block the orc's attack.
The orc warrior hits you with a trident!
You die...

#.......# #.......#
#. # #.......# +#
#.## #.......# ...
.... #....... ....
#.#. #.....o .....
#...
##...####......
##.⌠.
#...oo@ooo.....
+....
##...####......
#.(.. #..## .....
#.... #####.###
.... #.⌠. #.......#
... ##.. #.#...#.#
#+# ##.
.#.###.########.#
#.
#.....[.......##.#
#.
###.#.#######.##.##
### #.


You could see an orc warrior, an orc priest, an orc wizard and 2 orcs.

Vanquished Creatures
  Sigmund (D:2)
  A hippogriff (D:5)
  Edmund (D:5)
  An ice beast (D:5)
  A sky beast (D:5)
  An ogre (D:4)
  A giant frog (D:6)
  2 water moccasin skeletons
  The ghost of 4thArraOfDagon the Sneak, a weakling VSAs (D:4)
  3 orc wizards
  Crazy Yiuf (D:2)
  Jessica (D:2)
  A centaur skeleton (D:4)
  4 worker ants
  An iguana (D:5)
  Robin (D:4)
  3 gnolls (D:2)
  9 adders
  A shadow imp (D:5)
  3 oozes
  2 worms (D:2)
  7 giant geckos
  8 orcs
  2 ball pythons
  8 bats
  15 goblins
  8 hobgoblins
  7 kobolds
  3 giant cockroaches
  9 giant newts
  6 jackals
  2 quokkas
  2 rats
117 creatures vanquished.

Notes
Turn   | Place    | Note
--------------------------------------------------------------
     0 | D:1      | Raultor the Gargoyle Fighter began the quest for the Orb.
     0 | D:1      | Reached XP level 1. HP: 14/14 MP: 1/1
    48 | D:1      | Reached XP level 2. HP: 16/19 MP: 2/2
   186 | D:1      | Reached skill level 4 in Shields
   358 | D:1      | Reached XP level 3. HP: 23/23 MP: 3/3
   683 | D:2      | Noticed Sigmund
   838 | D:3      | Reached XP level 4. HP: 18/28 MP: 4/4
  1142 | D:3      | Reached skill level 5 in Shields
  1658 | D:3      | Reached XP level 5. HP: 32/32 MP: 5/5
  1731 | D:2      | Killed Sigmund
  1731 | D:2      | Reached XP level 6. HP: 34/37 MP: 6/6
  1747 | D:2      | Reached skill level 6 in Shields
  1762 | D:2      | Noticed Jessica
  1810 | D:2      | Killed Jessica
  1894 | D:2      | Noticed Crazy Yiuf
  1900 | D:2      | Killed Crazy Yiuf
  1994 | D:2      | Reached skill level 5 in Maces & Flails
  2217 | D:4      | Reached XP level 7. HP: 16/41 MP: 7/7
  2399 | D:4      | Noticed 4thArraOfDagon's ghost (weakling VSAs)
  2410 | D:4      | Killed 4thArraOfDagon's ghost
  2526 | D:4      | Reached skill level 7 in Shields
  2718 | D:4      | Noticed Robin
  2741 | D:4      | Killed Robin
  2924 | D:5      | Entered Level 5 of the Dungeon
  3114 | D:5      | Reached XP level 8. HP: 42/46 MP: 8/8
  3153 | D:5      | Noticed Edmund
  3222 | D:5      | Reached skill level 8 in Shields
  3234 | D:5      | Killed Edmund
  3748 | D:6      | Reached skill level 9 in Shields
  3811 | D:6      | Found a staircase to the Ecumenical Temple.
  3817 | Temple   | Entered the Ecumenical Temple
  3913 | Temple   | Became a worshipper of Warmaster Okawaru
  4145 | D:6      | Slain by an orc warrior

Vault maps used:
D:1:      dpeg_arrival_refuge
D:2:      first_bread, uniq_jessica, uniq_sigmund, uniq_crazy_yiuf_cottage
D:4:      uniq_robin
D:5:      minmay_lizard_king, uniq_edmund
D:6:      temple_green, grunt_ministairs_2, hangedman_abyss_or_decor_stagger
Temple:   grunt_circular_temple_18

Action                   |  1- 3 |  4- 6 |  7- 9 || total
-------------------------+-------+-------+-------++-------
Melee: Flail             |   150 |   201 |    58 ||   409
       Mace              |       |       |   233 ||   233
  Use: Potion            |       |     1 |       ||     1
  Eat: Chunk             |       |     5 |     5 ||    10
       Pizza             |       |       |     1 ||     1
